 Dungeon Crawl Stone Soup version 0.30-a0-4-ga7cffc901d (webtiles) character file.

Game seed: 17173412549593322794

194 Spectrina the Magician (level 6, -3/43 HPs)
             Began as a Djinni Venom Mage on Aug 21, 2022.
             Slain by a gnoll
             ... wielding a +0 flail
             ... led by a gnoll sergeant
              (4 damage)
             ... on level 5 of the Dungeon.
             The game lasted 00:05:07 (566 turns).

Spectrina the Magician (Djinni Venom Mage)           Turns: 566, Time: 00:05:08

Health: -3/43      AC:  2    Str:  7    XL:     6   Next: 3%
Gold:   36         EV: 13    Int: 19    God:
                   SH:  0    Dex: 13

rFire   + + +      SeeInvis .    b - +3 whip
rCold   . . .      Faith    .    (no shield)
rNeg    . . .      Spirit   .    a - +0 robe
rPois   ∞          Reflect  .    (no helmet)
rElec   .          Harm     .    c - scarf {rC+ rF+}
rCorr   .          Rampage  .    (no gloves)
Will    .....                    (boots unavailable)
Stlth   ++........               (no amulet)
HPRegen 0.14/turn                (no ring)
MPRegen 0.00/turn                (no ring)

@: flying
A: sickness immunity, fire resistance 2, cold vulnerability 1, float, innate
caster, HP casting, extra vitality 1
a: no special abilities


You were on level 5 of the Dungeon.
You visited 1 branch of the dungeon, and saw 6 of its levels.

You collected 36 gold pieces.

Inventory:

Hand Weapons
 b - a +3 whip (weapon)
Armour
 a - a +0 robe (worn)
 c - a scarf of resistance (worn)
Wands
 e - a wand of roots (5)
Scrolls
 f - 2 scrolls of identify {unknown}
 g - a scroll of brand weapon {unknown}
 i - a scroll of amnesia {unknown}
Potions
 d - a potion of degeneration {unknown}
 h - a potion of curing {unknown}
 j - a potion of lignification {unknown}
 k - 2 potions of berserk rage {unknown}


   Skills:
 + Level 1.9 Fighting
 + Level 3.2 Dodging
 + Level 2.5 Stealth
 * Level 3.4 Spellcasting
 + Level 1.8 Invocations


You couldn't memorise any spells.
You knew the following spells:

 Your Spells              Type           Power      Damage    Failure   Level
a - Shock                 Conj/Air       64%        1d7       3%          1
f - Scorch                Fire           32%        2d7       5%          2
l - Mephitic Cloud        Conj/Pois/Air  16%        N/A       11%         3
q - Poisonous Vapours     Pois/Air       32%        N/A       5%          2
w - Olgreb's Toxic Radia  Pois           16%        N/A       34%         4
A - Sting                 Tmut/Pois      64%        1d6       3%          1
Your spell library was empty.

Dungeon Overview and Level Annotations

Branches:
Dungeon (6/15)             Temple (0/1) D:4

Altars:

Annotations:
D:3 1 runed translucent door, Hades's ghost, amateur DrGl


Innate Abilities, Weirdness & Mutations

You are immune to sickness and miasma.
You are immune to poison.
Your flesh is very heat resistant. (rF++)
You are vulnerable to cold. (rC-)
You float through the air rather than walking.
You learn spells naturally, not from books.
Your magical power is your life essence.
You have superior vitality. (+4 MHP)


Message History

Flames lash the gnoll sergeant.
The gnoll sergeant is severely wounded.
The gnoll sergeant's fire resistance burns away.
* * * LOW HITPOINT WARNING * * *
The gnoll sergeant is engulfed in noxious fumes.
The gnoll sergeant appears confused.
The gnoll is engulfed in noxious fumes.
The gnoll appears confused.
Unknown command.
Casting: Scorch (safe; 6% risk of failure)
Confirm with . or Enter, or press ? or * to list all spells.
Flames lash the gnoll sergeant.
The gnoll sergeant is burned terribly!
You kill the gnoll sergeant!
* * * LOW HITPOINT WARNING * * *
Unknown command.
Unknown command.
Casting: Scorch (safe; 5% risk of failure)
Confirm with . or Enter, or press ? or * to list all spells.
The spell is extremely dangerous to miscast (36% risk of failure)!
Continue anyway?
You begin to radiate toxic energy.
The gnoll is poisoned. x2
* * * LOW HITPOINT WARNING * * *
The gnoll looks even sicker.
Unknown command.
Unknown command.
The gnoll looks even sicker. x2
Your toxic aura wanes.
Casting: Olgreb's Toxic Radiance (extremely dangerous; 36% risk of failure)
Confirm with . or Enter, or press ? or * to list all spells.
Flames lash the gnoll.
You kill the gnoll!
* * * LOW HITPOINT WARNING * * *
You have reached level 6!
Unknown command.
Casting: Scorch (safe; 5% risk of failure)
Confirm with . or Enter, or press ? or * to list all spells.
Flames lash the gnoll.
The gnoll is almost dead.
The gnoll's fire resistance burns away.
* * * LOW HITPOINT WARNING * * *
The gnoll hits you with a +0 flail.
You die...

##...#...#......[.
#......###..........
##.#.#.##<......#..
###.#.............
##............#
#.......).....#
#..>...)......#
#....<......###
####......g@.#
##.......##
###.#...# #######


You could see a gnoll (very poisoned, combustible).

Vanquished Creatures
  An ogre (D:4)
  A gnoll sergeant (D:5)
  2 gnolls (D:5)
  2 adders
  8 goblins (D:4)
  A quokka (D:2)
  A ball python (D:3)
  A frilled lizard (D:2)
  A rat (D:3)
18 creatures vanquished.

Notes
Turn   | Place    | Note
-------+----------+-------------------------------------------
     0 | D:1      | Spectrina the Djinni Venom Mage began the quest for the
                  | Orb.
     0 | D:1      | Spectrina set off with the following spells memorised:
                  | Sting, Poisonous Vapours, Mephitic Cloud, Olgreb's Toxic
                  | Radiance.
     0 | D:1      | Reached XP level 1. HP: 15/15 MP: 0/0
     3 | D:1      | Noticed a minotaur zombie
     7 | D:1      | Noticed a demonspawn zombie
    21 | D:1      | Noticed a minotaur zombie
   249 | D:4      | Noticed an ogre
   257 | D:4      | Reached XP level 2. HP: 12/22 MP: 0/0
   264 | D:4      | Killed an ogre
   265 | D:4      | Reached skill level 1 in Fighting
   265 | D:4      | Reached skill level 1 in Invocations
   265 | D:4      | Reached XP level 3. HP: 10/27 MP: 0/0
   265 | D:4      | Learned a level 1 spell: Shock
   265 | D:4      | Reached XP level 4. HP: 12/32 MP: 0/0
   302 | D:4      | Found a staircase to the Ecumenical Temple.
   303 | D:4      | Noticed an ogre
   463 | D:3      | Reached XP level 5. HP: 32/37 MP: 0/0
   463 | D:3      | Learned a level 2 spell: Scorch
   469 | D:3      | Found a runed translucent door.
   471 | D:3      | Noticed Hades's ghost (amateur DrGl)
   500 | D:5      | Entered Level 5 of the Dungeon
   510 | D:6      | Noticed an ogre
   566 | D:5      | Reached XP level 6. HP: 3/43 MP: 0/0
   566 | D:5      | Slain by a gnoll

Illustrated notes

Levels and vault maps discovered:
D:1:      shiori_arrival_whats_in_store_for_you, layout_basic,
          nicolae_ecumenical_lake_church, minmay_misc_feat_five,
          dk_noncrumbling_3
D:2:      layout_loops_corners
D:3:      gammafunk_wand_slinger, layout_basic, ebering_ghost_reflecting_pool,
          st_stairs_1, kennysheep_decorative_pillar, minmay_puff
D:4:      layout_layer_cave, mainiacjoe_overflow_tiny_flanked,
          minmay_temple_entry_large_hall, minmay_ogre_servants
D:5:      layout_cave_pools
D:6:      layout_basic, mainiacjoe_overflow_surrounded_room,
          nicolae_ossuary_entry_ruins

Skill      XL: |  1  2  3  4  5 |
---------------+----------------+-----
Fighting       | 1 |  1.9
Stealth        | 2 |  2.5
Spellcasting   | 3 |  3.4
Invocations    | 1 |  1.8
Dodging        | 3 |  3.2

Action                   |  1- 3 |  4- 6 || total
-------------------------+-------+-------++-------
Melee: Whip              |     5 |       ||     5
 Cast: Sting             |     5 |     1 ||     6
       Shock             |       |    11 ||    11
       Poisonous Vapours |       |     5 ||     5
       Scorch            |       |     4 ||     4
       Mephitic Cloud    |       |     2 ||     2
       Olgreb's Toxic Ra |       |     1 ||     1
Evoke: Wand              |     2 |       ||     2
Armor: Robe              |     1 |       ||     1
Dodge: Dodged            |     7 |     3 ||    10

Table legend: (Time is in decaauts)
 A = Elapsed time spent in this place.
 B = Non-inter-level travel time spent in this place.
 C = Inter-level travel time spent in this place.
 D = Time resting spent in this place.
 E = Time spent auto-exploring this place.
 F = Levels seen in this place.
 G = Mean time per level.
                   A        B        C        D        E       F      G
               +--------+--------+--------+--------+--------+-----+--------+
         Total |    565 |    548 |     17 |      0 |      0 |   6 |   94.2 |
       Dungeon |    565 |    548 |     17 |      0 |      0 |   6 |   94.2 |
               +--------+--------+--------+--------+--------+-----+--------+

Top non-repeatable levels by time:
     D:4: 245 daAuts
     D:2: 164 daAuts
     D:3: 61 daAuts
     D:5: 61 daAuts
     D:1: 28 daAuts
     D:6: 4 daAuts
